 Dungeon Crawl Stone Soup version 0.22-a0-192-g6ffc940c34 (webtiles) character file.

721 RedPan the Gusty (level 7, 0/41 HPs)
             Began as an Octopode Wizard on Feb 16, 2018.
             Killed by nerve-wracking pain
             ... invoked by Fuhrer's ghost
              (9 damage)
             ... on level 4 of the Dungeon.
             The game lasted 00:14:57 (5055 turns).

RedPan the Gusty (Octopode Wizard)                  Turns: 5055, Time: 00:14:58

Health: 0/41       AC:  1    Str:  6    XL:     7   Next: 70%
Magic:  8/13       EV: 13    Int: 20    God:
Gold:   140        SH:  0    Dex: 13    Spells: 3/14 levels left

rFire    . . .     SeeInvis .   d - +2 whip (freeze)
rCold    . . .     Gourm    .   (no shield)
rNeg     . . .     Faith    .   a - +0 hat
rPois    .         Spirit   .   (no amulet)
rElec    .         Reflect  .   r - ring of resist corrosion
rCorr    +         Harm     .   (no ring)
MR       .....                  (no ring)
Stlth    +++.......             (no ring)
HPRegen  0.13/turn              (no ring)
MPRegen  0.13/turn              (no ring)
                                (no ring)
                                (no ring)

@: no status effects
A: almost no armour, stealthy swim, amphibious, 8 rings, constrict 8, camouflage
1, gelatinous body 1
a: no special abilities


You were on level 4 of the Dungeon.
You were not hungry.

You visited 1 branch of the dungeon, and saw 4 of its levels.

You collected 140 gold pieces.

Inventory:

Hand Weapons
 d - a +2 whip of freezing (weapon)
 k - a +4 dagger
Armour
 a - a +0 hat (worn)
 t - a +0 shield
Jewellery
 r - a ring of resist corrosion (left tentacle)
Scrolls
 g - 3 scrolls of remove curse
 i - a scroll of teleportation {unknown}
Potions
 e - a potion of ambrosia
 f - a potion of brilliance {unknown}
 h - a potion of agility {unknown}
 j - 2 potions of magic
 l - 2 potions of flight {unknown}
 n - a potion of heal wounds {unknown}
 p - 2 potions of curing
 s - a potion of berserk rage {unknown}
Books
 b - a book of Minor Magic

   Spells                             Type                      Level
   a - Magic Dart                     Conjuration                  1
   b - Blink                          Translocation                2
   c - Call Imp                       Summoning                    2
   d - Slow                           Hexes                        2
   e - Conjure Flame                  Conjuration/Fire             3
   f - Mephitic Cloud                 Conjuration/Poison/Air       3
 q - a book of Maledictions

   Spells                             Type                      Level
   a - Corona                         Hexes                        1
   b - Ensorcelled Hibernation        Hexes/Ice                    2
   c - Confuse                        Hexes                        3
   d - Tukima's Dance                 Hexes                        3
   e - Dazzling Spray                 Conjuration/Hexes            3
Comestibles
 c - 7 rations
 m - 5 chunks of flesh


   Skills:
 + Level 2.1 Dodging
 - Level 2.6 Stealth
 + Level 4.2 Spellcasting
 - Level 3.2 Conjurations
 * Level 1.6 Summonings
 * Level 1.5 Translocations
 - Level 3.7 Fire Magic
 - Level 4.2 Air Magic
 - Level 2.1 Poison Magic


You had 3 spell levels left.
You knew the following spells:

 Your Spells              Type           Power        Failure   Level  Hunger
a - Magic Dart            Conj           ###.         3%          1    None
b - Blink                 Tloc           N/A          10%         2    #......
c - Call Imp              Summ           ##......     10%         2    #......
d - Mephitic Cloud        Conj/Pois/Air  ###.....     10%         3    ###....
e - Conjure Flame         Conj/Fire      ###.....     9%          3    ###....


Dungeon Overview and Level Annotations

Branches:
Dungeon (4/15)
 Temple: D:4-7

Altars:
Cheibriados
Elyvilon

Annotations:
D:4 Fuhrer's ghost, amateur DDNe


Innate Abilities, Weirdness & Mutations

You cannot wear most types of armour.
You are very stealthy in the water. (Stealth+)
You are amphibious.
You can wear up to eight rings at the same time.
You can use your tentacles to constrict eight enemies at once.
Your skin changes colour to match your surroundings (Stealth+).
Your rubbery body absorbs attacks. (AC +1, EV +1)


Message History

Aiming: Conjure Flame (safe; 9% risk of failure)
Press: ? - help, Dir - move target cursor The fire ignites!
Fuhrer's ghost is engulfed in blazing flames.
Fuhrer's ghost casts a spell at you. Pain shoots through your body!
Fuhrer's ghost is engulfed in blazing flames.
Casting: Conjure Flame (safe; 9% risk of failure)
Confirm with . or Enter, or press ? or * to list all spells.
Aiming: Conjure Flame (safe; 9% risk of failure)
Press: ? - help, Dir - move target cursor The fire ignites!
Fuhrer's ghost casts a spell at you. Pain shoots through your body!
Fuhrer's ghost gestures at you while chanting.
Pain shoots through your body!
* * * LOW HITPOINT WARNING * * *
Fuhrer's ghost gestures at you while chanting.
Pain shoots through your body!
You die...

#######
#.@...#
#.##.##
#.##.#
#§##.#####
#W##.....#
#§######.#
###
####.######.#
....
#...........#
....
#...........#


You could see Fuhrer's ghost.

Vanquished Creatures
  Pikel (D:3)
  An ogre (D:4)
  A crimson imp (D:3)
  The ghost of Liquorice the Magician, a weakling OpWn (D:3)
  An orc priest (D:3)
  2 adders
  An ooze (D:2)
  6 leopard geckos
  An orc (D:3)
  9 hobgoblins
  4 jackals
  6 kobolds
  6 bats
  3 frilled lizards
  5 goblins
  6 rats
54 creatures vanquished.

Vanquished Creatures (collateral kills)
  An iguana (D:4)
  5 adders
  3 orcs (D:3)
  A goblin (D:2)
  A hobgoblin (D:2)
  2 jackals (D:2)
  A frilled lizard (D:2)
14 creatures vanquished.

Vanquished Creatures (others)
  A worm (D:4)
1 creature vanquished.

Grand Total: 69 creatures vanquished

Notes
Turn   | Place    | Note
-------+----------+-------------------------------------------
     0 | D:1      | RedPan the Octopode Wizard began the quest for the Orb.
     0 | D:1      | Reached XP level 1. HP: 11/11 MP: 4/4
   393 | D:1      | Reached XP level 2. HP: 12/17 MP: 0/6
   496 | D:1      | Learned a level 2 spell: Blink
   499 | D:1      | Learned a level 2 spell: Call Imp
  1402 | D:2      | Reached XP level 3. HP: 21/21 MP: 1/7
  2393 | D:2      | Reached XP level 4. HP: 27/27 MP: 1/9
  2464 | D:2      | Learned a level 3 spell: Mephitic Cloud
  2843 | D:3      | Noticed Liquorice's ghost (weakling OpWn)
  2866 | D:3      | Killed Liquorice's ghost
  2866 | D:3      | Reached XP level 5. HP: 31/31 MP: 4/11
  2868 | D:3      | Reached skill level 1 in Poison Magic
  3122 | D:3      | Found a white marble altar of Elyvilon.
  3181 | D:3      | Reached skill level 1 in Air Magic
  3686 | D:3      | Learned a level 3 spell: Conjure Flame
  3722 | D:4      | Noticed Fuhrer's ghost (amateur DDNe)
  3735 | D:4      | Noticed a slave
  3741 | D:4      | Noticed a slave
  4214 | D:4      | Noticed Pikel
  4218 | D:4      | Noticed a slave
  4218 | D:4      | Noticed a slave
  4360 | D:3      | Killed Pikel
  4360 | D:3      | Reached XP level 6. HP: 16/36 MP: 1/12
  4360 | D:3      | Reached XP level 7. HP: 19/41 MP: 1/13
  4713 | D:4      | Found a snail-covered altar of Cheibriados.
  5055 | D:4      | Killed from afar by Fuhrer's ghost

Vault maps used:
D:1:      arrival_zaba_pyramid
D:3:      nicolae_overflow_hidden_temple
D:4:      cheibriados_altar_1, minmay_temple_entry_junction, uniq_edmund,
          uniq_pikel

Skill      XL: |  1  2  3  4  5 |
---------------+----------------+-----
Conjurations   | 2 3 |  3.2
Spellcasting   | 4 |  4.2
Poison Magic   | 2 |  2.1
Air Magic      | 4 |  4.2
Fire Magic     | 3 |  3.7
Dodging        | |  2.1
Stealth        | |  2.6
Summonings     | |  1.6
Translocations | |  1.5

Action                   |  1- 3 |  4- 6 |  7- 9 || total
-------------------------+-------+-------+-------++-------
Melee: Unarmed           |     8 |       |       ||     8
       Constrict         |     4 |     6 |     1 ||    11
       Tentacles         |     3 |     2 |     2 ||     7
       Short sword       |     9 |     1 |       ||    10
       Dagger            |       |    18 |       ||    18
       Whip              |       |       |     3 ||     3
 Cast: Magic Dart        |    62 |    57 |     5 ||   124
       Call Imp          |    18 |    16 |     6 ||    40
       Mephitic Cloud    |       |     3 |     1 ||     4
       Blink             |       |     3 |     1 ||     4
       Conjure Flame     |       |     2 |     3 ||     5
  Use: Scroll            |       |    10 |       ||    10
       Potion            |       |     1 |       ||     1
 Stab: Sleeping          |     2 |     1 |       ||     3
       Distracted        |       |     1 |       ||     1
       Confused          |       |       |     1 ||     1
  Eat: Chunk             |     5 |     4 |     2 ||    11
       Ration            |       |     1 |       ||     1
Armor: Skin              |     1 |     3 |       ||     4
Dodge: Dodged            |    14 |    25 |     3 ||    42

Table legend:
 A = Spawn XP
 B = Non-spawn XP
 C = Spawn XP percentage of total XP
 D = Spawn monster count
 E = Non-spawn monster count
 F = Spawn count percentage of total count
 G = Total turns spent on level
                    A         B        C        D         E        F      G
               +---------+---------+-------+---------+---------+-------+---------
         Total |       0 |    1030 |   0.0 |       0 |      68 |   0.0 |  5055
               +---------+---------+-------+---------+---------+-------+---------
           D:1 |       0 |      13 |   0.0 |       0 |       9 |   0.0 |  1143
           D:2 |       0 |      83 |   0.0 |       0 |      29 |   0.0 |  1397
           D:3 |       0 |     791 |   0.0 |       0 |      26 |   0.0 |  2136
           D:4 |       0 |     143 |   0.0 |       0 |       4 |   0.0 |   379
               +---------+---------+-------+---------+---------+-------+---------
